Map: Beckett Industries LE

Players

IIIIIIIIIIII - Winner!

  • Race: Zerg Zerg
  • League: Platinum

Valens

  • Race: Terran Terran
  • League: Silver

VOD

Have the link to the VOD?

Description

Time

  • Played on: Aug. 8, 2021, 1:08 a.m.
  • Length: 10:30
Show
View Real Time Build Order
Export as new Build Order

IIIIIIIIIIII Zerg - Winner!

Build Orders: Hatch First 

Get SALT Encoding   

  12  0:00  Drone  
  13  0:12  Overlord  
  13  0:16  Drone  
  14  0:30  Drone x2  
  16  0:52  Hatchery  
  16  0:54  Drone  
  16  0:55  Drone  
  17  0:59  Drone  
  18  1:13  Extractor  
  18  1:15  Spawning Pool  
  18  1:17  Drone  
  17  1:20  Drone  
  18  1:28  Drone  
  19  1:39  Drone  
  20  1:50  Drone  
  21  2:04  Queen  
  21  2:05  Zergling x2, Queen  
  21  2:06  Zergling x2  
  27  2:13  Overlord  
  27  2:17  Metabolic Boost  
  27  2:32  Hatchery  
  26  2:42  Drone x5  
  30  2:58  Drone x2  
  30  2:59  Overlord  
  32  3:20  Drone x2  
  32  3:21  Drone x2  
  36  3:36  Drone x2  
  36  3:40  Drone x2  
  40  3:59  Zergling x10  
  40  4:00  Zergling x2  
  46  4:03  Queen  
  46  4:07  Lair  
  46  4:08  Extractor  
  46  4:09  Overlord  
  47  4:10  Extractor  
  47  4:11  Extractor  
  45  4:17  Evolution Chamber  
  45  4:18  Evolution Chamber  
  45  4:22  Baneling Nest  
  42  4:30  Drone  
  42  4:31  Drone x2  
  45  4:32  Overlord, Drone x2  
  45  4:34  Drone x5  
  52  4:53  Zerg Ground Armor Level 1, Zerg Melee Weapons Level 1  
  52  4:54  Drone  
  52  4:55  Drone x4  
  52  4:57  Overlord  
  57  5:00  Drone x2  
  59  5:14  Overseer  
  59  5:17  Drone x4  
  63  5:31  Baneling x2  
  63  5:32  Centrifical Hooks, Baneling x3  
  64  5:57  Zergling x8  
  64  5:58  Zergling x6  
  64  5:59  Overlord x3  
  64  6:01  Drone x3  
  73  6:04  Extractor  
  73  6:05  Extractor  
  71  6:16  Spore Crawler  
  70  6:19  Spore Crawler x2  
  70  6:20  Spore Crawler  
  70  6:23  Spore Crawler x2  
  70  6:24  Spore Crawler, Drone  
  70  6:25  Drone x7  
  72  6:26  Spore Crawler x2  
  72  6:28  Drone x2  
  72  6:35  Spire  
  72  6:39  Drone x3  
  74  6:57  Drone  
  74  6:58  Drone x3  
  74  7:00  Drone x3  
  74  7:01  Drone  
  82  7:02  Drone x3  
  82  7:03  Drone x2  
  87  7:18  Drone  
  88  7:23  Hatchery  
  88  7:28  Zergling x8  
  88  7:29  Zergling x6  
  94  7:31  Baneling x5  
  94  7:32  Overlord  
  94  7:33  Hatchery  
  93  7:45  Zerg Ground Armor Level 2  
  93  7:46  Zerg Melee Weapons Level 2  
  93  7:48  Zerg Flyer Weapons Level 1  
  93  7:51  Infestation Pit, Drone  
  94  7:55  Corruptor x4  
  94  7:56  Corruptor x2  
  94  7:58  Overlord x3  
  92  8:26  Zergling x2  
  87  8:27  Zergling x14  
  94  8:35  Hive  
  94  8:37  Queen  
  96  8:51  Baneling x7  
  96  8:52  Baneling x8  
  96  8:53  Corruptor  
  96  8:54  Corruptor x7  
  112  8:57  Zergling x4  
  114  9:15  Overlord  
  114  9:16  Zergling x2  
  116  9:17  Zergling x14  
  122  9:30  Corruptor  
  122  9:31  Corruptor x5  
  113  9:50  Zergling x8  
  113  9:51  Zergling x22  
  113  9:52  Zergling x4  
  130  9:54  Baneling x3  
  130  9:55  Baneling x6  
  130  9:59  Extractor  
  129  10:00  Extractor  
Show
View Real Time Build Order
Export as new Build Order

Valens Terran 

Build Orders:  

Get SALT Encoding   

  12  0:00  SCV  
  13  0:13  SCV  
  14  0:18  Supply Depot  
  14  0:25  SCV  
  15  0:39  SCV  
  15  0:41  Barracks  
  16  0:51  SCV  
  16  0:52  Supply Depot  
  17  1:03  SCV  
  18  1:15  SCV  
  19  1:27  Command Center  
  19  1:30  Marine  
  20  1:47  Refinery  
  20  1:49  Orbital Command  
  20  1:50  Refinery  
  20  1:52  Marine  
  21  2:10  Marine  
  22  2:17  SCV  
  23  2:36  Barracks Reactor  
  23  3:03  Orbital Command  
  23  3:04  Bunker  
  23  3:09  Factory  
  23  3:11  SCV  
  23  3:21  Marine x2  
  23  3:23  SCV  
  26  3:30  Supply Depot  
  26  3:31  Barracks  
  26  3:33  SCV  
  27  3:36  SCV  
  28  3:44  Refinery  
  28  3:45  SCV  
  28  3:48  SCV  
  30  3:54  Engineering Bay  
  30  3:55  Starport  
  30  3:57  SCV  
  30  3:58  Factory Tech Lab  
  30  4:00  SCV  
  32  4:09  SCV  
  33  4:10  Marine x2  
  35  4:21  SCV  
  35  4:22  Armory  
  35  4:23  SCV  
  37  4:28  Marine x2  
  37  4:31  Barracks Tech Lab  
  39  4:33  SCV  
  39  4:35  SCV, Starport Tech Lab  
  41  4:43  Fusion Core  
  41  4:45  SCV, Marine  
  42  4:46  Marine  
  42  4:48  Starport  
  44  4:57  SCV  
  45  5:03  Marine x2  
  45  5:04  SCV, Refinery  
  48  5:09  SCV  
  49  5:15  Missile Turret  
  49  5:16  SCV  
  49  5:19  Marine  
  52  5:21  SCV, Marine  
  52  5:27  Starport Tech Lab  
  53  5:28  SCV  
  54  5:46  SCV x2, Battlecruiser  
  54  5:47  Supply Depot  
  54  5:48  Supply Depot  
  54  5:49  Supply Depot  
  62  6:03  Command Center  
  62  6:08  SCV x2  
  64  6:16  Marine x2  
  66  6:19  Thor  
  66  6:20  SCV x2  
  76  6:32  SCV x2  
  76  6:33  Terran Vehicle And Ship Armor Level 1  
  76  6:36  Battlecruiser  
  82  6:44  Marine x2  
  84  7:02  Marine  
  85  7:10  Marine  
  85  7:14  Thor  
  92  7:20  Supply Depot, Marine  
  92  7:21  Supply Depot  
  99  7:23  Battlecruiser  
  99  7:28  Marine  
  100  7:50  Battlecruiser  
  100  7:51  Marine x2  
  108  8:06  Marine  
  108  8:07  Stimpack  
  108  8:09  Marine x2  
  82  8:30  SCV x2  
  84  8:37  Orbital Command  
  84  8:42  SCV  
  84  8:43  SCV  
  84  8:45  Marine x3  
  89  8:49  Battlecruiser  
  89  8:51  Thor  
  89  8:55  SCV x2  
  103  9:03  Marine x2  
  103  9:07  SCV x2  
  107  9:22  Marine x2  
  107  9:23  Marine  
  70  9:40  Marine x3  
  64  9:55  Starport  
  64  9:57  Starport  
  64  9:58  Marine x2  
  66  10:00  Marine  
  66  10:05  SCV  
  66  10:07  SCV x2  
  70  10:18  SCV  
Tags
 
Add a new tag
Caveats
  • Supply blocks, unpowered buildings, or Contaminate may cause inaccurate times.
  • Supply counts are checked every 10 seconds.